 Dungeon Crawl Stone Soup version 0.31-a0-1447-g87ca8d402b (webtiles) character file.

Game seed: 6490578774076381509

4629 jlumianski the Grappler (level 10, -5/76 HPs)
             Began as a Gnoll Shapeshifter on Dec 27, 2023.
             Was an Elder of Wu Jian.
             Slain by a wolf (12 damage)
             ... led by Grum
             ... on level 8 of the Dungeon on Dec 28, 2023.
             The game lasted 00:43:26 (9541 turns).

jlumianski the Grappler (Gnoll Shapeshifter)        Turns: 9541, Time: 00:43:27

Health: -5/76      AC: 12    Str: 22    XL:     10   Next: 42%
Magic:  0/18       EV:  8    Int:  9    God:    Wu Jian [****..]
Gold:   1390       SH:  0    Dex:  8    Spells: 19/19 levels left

rFire   . .          .
                       - Unarmed
rCold   . . .        f - orb {mayhem}
rNeg    + . .        W - +0 plate armour
rPois   .            (helmet currently unavailable)
rElec   .            (cloak currently unavailable)
rCorr   .            (gloves currently unavailable)
SInv    .            (boots currently unavailable)
Will    .....        h - amulet of guardian spirit Stlth
                     p - ring of flight
HPRegen 0.32/turn    J - ring of positive energy
MPRegen 0.16/turn

%: mayhem, guardian spirit
@: beast-form, flying
A: beast (slay +4), fangs 1, strong nose, distributed training, clumsy 1, strong
1
a: Begin Untransformation, Renounce Religion, Wall Jump, Serpent's Lash


You were on level 8 of the Dungeon.
You worshipped Wu Jian.
Wu Jian was greatly pleased with you.
You were a hulking beast.
You visited 1 branch of the dungeon, and saw 9 of its levels.
You also visited: Ossuary.

You collected 1708 gold pieces.
You spent 318 gold pieces at shops.

Inventory:

Hand Weapons
 a - a +5 battleaxe
 i - a +0 sling
 A - a +2 orcbow of freezing
 R - a +5 battleaxe
 T - a +4 vampiric trident
Missiles
 l - 25 poisoned darts
 Y - 5 boomerangs (quivered)
Armour
 f - an orb of mayhem (worn)
 q - a +0 ring mail
 y - a +0 helmet
 z - a +0 pair of boots
 H - a +0 cloak
 W - a +0 plate armour (worn)
Magical Staves
 k - a staff of conjuration
Jewellery
 g - a ring of positive energy
 h - an amulet of guardian spirit (around neck)
 p - a ring of flight (left hand)
 r - an amulet of the acrobat
 J - a ring of positive energy (right hand)
 Q - an amulet of faith
Talismans
 c - a beast talisman
 d - a flux talisman
Wands
 O - a wand of iceblast (5)
 V - a wand of quicksilver (5)
 X - a wand of digging (3)
Scrolls
 j - 5 scrolls of teleportation
 m - 3 scrolls of poison
 v - a scroll of fog
 w - 2 scrolls of amnesia
 B - a scroll of blinking
 C - 4 scrolls of fear
 K - a scroll of enchant armour {unknown}
 P - 4 scrolls of revelation
 Z - a scroll of torment {unknown}
Potions
 b - a potion of lignification
 e - a potion of heal wounds
 n - a potion of might
 o - 2 potions of invisibility
 D - a potion of enlightenment
 E - 4 potions of mutation
 G - a potion of resistance
 I - 3 potions of curing
 M - a potion of haste
 N - a potion of magic
 S - a potion of brilliance


   Skills:
 + Level 6.1 Fighting
 + Level 5.4 Short Blades
 + Level 5.4 Long Blades
 + Level 5.4 Axes
 + Level 5.4 Maces & Flails
 + Level 5.4 Polearms
 + Level 5.4 Staves
 + Level 5.4 Ranged Weapons
 + Level 5.4 Throwing
 + Level 5.4 Armour
 + Level 7.2 Dodging
 + Level 5.4 Stealth
 + Level 5.4 Shields
 + Level 8.6 Unarmed Combat
 + Level 5.4 Spellcasting
 + Level 4.5 Conjurations
 + Level 4.5 Hexes
 + Level 4.5 Summonings
 + Level 4.5 Necromancy
 + Level 4.5 Translocations
 + Level 4.5 Fire Magic
 + Level 4.5 Ice Magic
 + Level 4.5 Air Magic
 + Level 4.5 Earth Magic
 + Level 4.5 Alchemy
 + Level 6.0 Invocations
 + Level 5.4 Evocations
 + Level 8.3 Shapeshifting


You had 19 spell levels left.
You didn't know any spells.
Your spell library contained the following spells:

 Spells                   Type           Power      Damage    Failure   Level
 Sandblast                Erth           20%        2d7       56%         1
 Blink                    Tloc           20%        N/A       71%         2
 Lesser Beckoning         Tloc           20%        N/A       71%         2
 Momentum Strike          Conj/Tloc      20%        3d8       71%         2
 Gell's Gravitas          Tloc           10%        N/A       91%         3
 Inner Flame              Hex/Fire       10%        N/A       91%         3
 Teleport Other           Tloc           10%        N/A       91%         3
 Flame Wave               Conj/Fire      10%        2d6       100%        4
 Iskenderun's Mystic Bla  Conj/Tloc      10%        2d4       100%        4
 Sticky Flame             Fire/Alch      10%        2d5       100%        4
 Curse of Agony           Necr           10%        N/A       100%        5
 Death Channel            Necr           5%         N/A       100%        6
 Malign Gateway           Summ/Tloc      5%         N/A       100%        7
 Borgnjor's Revivificati  Necr           5%         N/A       100%        8
 Lehudib's Crystal Spear  Conj/Erth      5%         10d3      100%        8


Dungeon Overview and Level Annotations

Branches:
Dungeon (9/15)             Temple (0/1) D:7         Ossuary (visited)
   Lair: D:8-11         Orc: D:9-12

Altars:
Ashenzari
Dithmenos
Hepliaklqana
Ru
Trog
Vehumet
Wu Jian
Yredelemnul
The Shining One

Shops:
D:3 (   D:5 ?

Annotations:
D:8 2 transporters, Joseph
D:9 Grum


Innate Abilities, Weirdness & Mutations

You are a hulking beast.
Your limbs bulge with bestial killing power. (Slay +4)
You have very sharp teeth.
Your uncanny sense of smell can sniff out nearby items.
Your experience applies equally to all skills.
You are clumsy. (Dex -2)
Your muscles are strong. (Str +4, Int/Dex -1)


Message History

The wolf bites you but does no damage.
You fly upwards.
Level annotation: 2 transporters, Joseph
There is a stone staircase leading down here.
You spin and attack the wolf.
You closely miss the wolf.
The wolf is severely wounded.
The wolf bites you but does no damage. The wolf bites you!
* * * LOW HITPOINT WARNING * * *
You spin and attack the wolf.
You miss the wolf. You bite the wolf.
The wolf is almost dead.
The wolf bites you but does no damage. x2
You spin and attack the wolf.
You hit the wolf.
The wolf is almost dead.
The wolf bites you.
* * * LOW HITPOINT WARNING * * *
The wolf bites you but does no damage. The wolf barely misses you.
The wolf attacks as it pursues you! The wolf bites you.
* * * LOW HITPOINT WARNING * * *
The wolf completely misses you.
You feel much better. The wolf closely misses you. The wolf bites you!
* * * LOW HITPOINT WARNING * * *
The wolf bites you but does no damage. The wolf closely misses you.
Aiming: Wall Jump
Press: ? - help, Dir - move target You repeatedly attack the wolf from above.
You punch the wolf!
You kill the wolf!
The Council accepts your kill.
The wolf flies into a frenzy!
You repeatedly attack the wolf from above.
You closely miss the wolf.
The wolf is lightly wounded.
You barely miss the wolf.
The wolf is lightly wounded.
You punch the wolf!
The wolf is severely wounded.
The wolf barely misses you. The wolf bites you.
* * * LOW HITPOINT WARNING * * *
The wolf bites you but does no damage. The wolf bites you!
You die...

###############
#.............#
#.#######○....#######
######.####.○h○...<......#
#...........h○○....#####.#
#.##.#..###.#......#####.##
###.##.#..###.#.##.###.))...#
##.............#.######)###..#
...#<###...#####.# #.)).# #.)#
##.#.#.....# ##.###.).)#
#..####
#####......####...##....#
#<.....
........#..........#....#
#######


You could see a neutral wolf (fast, strong, frenzied).

Vanquished Creatures
  A two-headed ogre (D:8)
  Jeremiah (D:7)
  A troll (D:7)
  A hornet (D:8)
  Grinder (D:4)
  3 orc warriors (D:8)
  A sky beast (D:7)
  3 wolves (D:8)
  2 centaurs
  A weeping skull (D:6)
  2 kobold brigands (D:4)
  2 bullfrogs
  3 elf zombies (Ossuary)
  A scorpion (D:7)
  10 wights
  5 killer bees
  A howler monkey (D:5)
  A bombardier beetle (D:4)
  3 jellies
  5 hounds
  4 iguanas
  3 sleepcaps
  An orc wizard (D:8)
  2 hound zombies (Ossuary)
  4 mummies (Ossuary)
  Robin (D:3)
  8 adders
  9 gnolls
  2 shadow imps (D:6)
  5 white imps
  2 ufetubi (D:6)
  2 adder zombies (Ossuary)
  6 worms
  12 orcs
  10 bats
  2 endoplasms
  11 hobgoblins
  3 quokkas
  4 ball pythons
  3 frilled lizards
  15 goblins
  A goblin skeleton (D:4)
  2 goblin zombies
  3 hobgoblin zombies
  49 kobolds (D:4)
  2 kobold skeletons (D:4)
  4 kobold zombies
  An orc skeleton (D:4)
  2 orc zombies (D:4)
  7 rats
  A spectral orc (D:6)
229 creatures vanquished.

Vanquished Creatures (collateral kills)
  A wight (D:8)
  A killer bee (D:7)
  A hound (D:7)
  An orc priest (D:8)
  9 orcs (D:8)
13 creatures vanquished.

Vanquished Creatures (others)
  A bullfrog (D:8)
  2 orcs (D:8)
3 creatures vanquished.

Grand Total: 245 creatures vanquished

Notes
Turn   | Place    | Note
-------+----------+-------------------------------------------
     0 | D:1      | jlumianski the Gnoll Shapeshifter began the quest for the
                  | Orb.
     0 | D:1      | Reached XP level 1. HP: 17/17 MP: 1/1
     2 | D:1      | Got Gloorx Vloq's Book of the Cemetery
   402 | D:1      | Reached XP level 2. HP: 23/23 MP: 0/2
   786 | D:2      | Reached XP level 3. HP: 28/28 MP: 3/3
   790 | D:2      | Found a faded altar of an unknown god.
  1320 | D:2      | Reached skill level 1 in Invocations
  1420 | D:2      | Reached skill level 1 in Short Blades
  1420 | D:2      | Reached skill level 1 in Long Blades
  1420 | D:2      | Reached skill level 1 in Axes
  1420 | D:2      | Reached skill level 1 in Maces & Flails
  1420 | D:2      | Reached skill level 1 in Polearms
  1420 | D:2      | Reached skill level 1 in Staves
  1420 | D:2      | Reached skill level 1 in Ranged Weapons
  1420 | D:2      | Reached skill level 1 in Throwing
  1420 | D:2      | Reached skill level 1 in Armour
  1420 | D:2      | Reached skill level 1 in Stealth
  1420 | D:2      | Reached skill level 1 in Shields
  1420 | D:2      | Reached skill level 1 in Spellcasting
  1420 | D:2      | Reached skill level 1 in Evocations
  1447 | D:2      | Reached XP level 4. HP: 34/34 MP: 3/5
  1472 | D:2      | Reached skill level 1 in Conjurations
  1472 | D:2      | Reached skill level 1 in Hexes
  1472 | D:2      | Reached skill level 1 in Summonings
  1472 | D:2      | Reached skill level 1 in Necromancy
  1472 | D:2      | Reached skill level 1 in Translocations
  1472 | D:2      | Reached skill level 1 in Fire Magic
  1472 | D:2      | Reached skill level 1 in Ice Magic
  1472 | D:2      | Reached skill level 1 in Air Magic
  1472 | D:2      | Reached skill level 1 in Earth Magic
  1472 | D:2      | Reached skill level 1 in Alchemy
  1867 | D:2      | Found a radiant altar of Vehumet.
  2033 | D:4      | Found a glowing golden altar of the Shining One.
  2142 | D:3      | Noticed Robin
  2145 | D:3      | Reached XP level 5. HP: 40/40 MP: 7/7
  2151 | D:3      | Killed Robin
  2249 | D:3      | Found Koagipab's Antique Weapon Emporium.
  2275 | D:3      | Bought a runed orcbow for 117 gold pieces
  2967 | D:3      | Found an ornate altar of the Wu Jian Council.
  2976 | D:3      | Became a worshipper of the Wu Jian Council
  3175 | D:4      | Found a shadowy altar of Dithmenos.
  3181 | D:5      | Entered Level 5 of the Dungeon
  3218 | D:4      | Reached XP level 6. HP: 47/47 MP: 8/8
  3435 | D:4      | Reached skill level 5 in Dodging
  3858 | D:4      | Reached * piety under Wu Jian
  4002 | D:4      | Reached ** piety under Wu Jian
  4034 | D:4      | Noticed Grinder
  4050 | D:4      | Killed Grinder
  4051 | D:4      | Reached XP level 7. HP: 17/53 MP: 4/10
  4760 | D:5      | Reached XP level 8. HP: 14/60 MP: 3/12
  5151 | D:6      | Gained mutation: You are clumsy. (Dex -2) [potion of
                  | mutation]
  5151 | D:6      | Gained mutation: Your muscles are strong. (Str +4, Int/Dex
                  | -1) [potion of mutation]
  5189 | D:6      | Found a sand-covered staircase.
  5232 | Ossuary  | Entered an ossuary
  5251 | Ossuary  | Reached *** piety under Wu Jian
  5630 | D:6      | Found a basalt altar of Yredelemnul.
  5874 | D:5      | Found Ciheijua's Magic Scroll Boutique.
  5884 | D:5      | Bought a scroll of revelation for 97 gold pieces
  5884 | D:5      | Bought a scroll of teleportation for 39 gold pieces
  5884 | D:5      | Bought a scroll of identify for 26 gold pieces
  5884 | D:5      | Bought a scroll of teleportation for 39 gold pieces
  6275 | D:7      | Reached XP level 9. HP: 58/66 MP: 11/14
  6350 | D:7      | Noticed Jeremiah
  6625 | D:6      | Upgraded the game from 0.31-a0-1424-g2add1c7226 to
                  | 0.31-a0-1447-g87ca8d402b
  6761 | D:6      | Reached skill level 5 in Fighting
  6805 | D:7      | Killed Jeremiah
  7301 | D:7      | Found a radiant altar of Vehumet.
  7332 | D:7      | Noticed a troll
  7340 | D:7      | Killed a troll
  7341 | D:7      | Reached skill level 5 in Invocations
  7615 | D:8      | Noticed a hornet
  7641 | D:8      | Found a sacrificial altar of Ru.
  7664 | D:8      | Paralysed by a hornet for 2 turns
  7674 | D:8      | Killed a hornet
  7999 | D:8      | Noticed a two-headed ogre
  8013 | D:8      | Killed a two-headed ogre
  8014 | D:8      | Reached skill level 5 in Short Blades
  8014 | D:8      | Reached skill level 5 in Long Blades
  8014 | D:8      | Reached skill level 5 in Axes
  8014 | D:8      | Reached skill level 5 in Maces & Flails
  8014 | D:8      | Reached skill level 5 in Polearms
  8014 | D:8      | Reached skill level 5 in Staves
  8014 | D:8      | Reached skill level 5 in Ranged Weapons
  8014 | D:8      | Reached skill level 5 in Throwing
  8014 | D:8      | Reached skill level 5 in Armour
  8014 | D:8      | Reached skill level 5 in Stealth
  8014 | D:8      | Reached skill level 5 in Shields
  8014 | D:8      | Reached skill level 5 in Spellcasting
  8014 | D:8      | Reached skill level 5 in Evocations
  8014 | D:8      | Reached XP level 10. HP: 39/76 MP: 8/17
  8305 | D:7      | Found a staircase to the Ecumenical Temple.
  8879 | D:8      | Noticed Joseph
  8893 | D:8      | Noticed a tengu warrior
  8893 | D:8      | Noticed a centaur warrior
  8911 | D:8      | Found a hazy altar of Hepliaklqana.
  8932 | D:8      | Found a broken altar of Ashenzari.
  8939 | D:8      | Identified a scroll of acquirement
  8941 | D:8      | Acquired 1033 gold pieces
  9099 | D:8      | Found a transporter.
  9106 | D:8      | Noticed a brown ugly thing
  9129 | D:8      | Found a transporter.
  9152 | D:8      | Got the Thoughts on the Traveller and Oromancy
  9157 | D:8      | Found a bloodstained altar of Trog.
  9167 | D:8      | Reached **** piety under Wu Jian
  9499 | D:9      | Noticed Grum
  9528 | D:9      | HP: 3/76 [wolf[Grum] (3)]
  9539 | D:8      | HP: 3/76 [wolf[Grum] (5)]
  9541 | D:8      | Slain by a wolf

Illustrated notes

Levels and vault maps discovered:
D:1:      saegor_arrival_simple_c, layout_basic, minivault_11,
          minmay_misc_feat_pillars
D:2:      layout_basic, basic_altar, basic_ecumenical_altar
D:3:      layout_loops_ring, nzn_wu_jian_council_hall, serial_shops,
          nicolae_shop_stone, uniq_robin
D:4:      minmay_goblin_kobold_castle, layout_layer_cave,
          nicolae_tso_besieged_by_evil, mainiacjoe_overflow_chevrons,
          uniq_grinder
D:5:      layout_rooms, serial_shops, shop, minmay_misc_feat_cross
D:6:      layout_rooms, yredelemnul_forgotten_temple_becter, enter_ossuary_5,
          serial_demonic, serial_demonic_g, serial_demonic_d, serial_demonic_c,
          serial_demonic_f
D:7:      layout_basic, mainiacjoe_overflow_boulevard,
          minmay_temple_entry_antechambers, minmay_misc_feat_tiny, uniq_jeremiah
D:8:      gammafunk_the_bubble [the_bubble_gammafunk_grid], layout_loops_ring,
          mainiacjoe_overflow_24_doors, nzn_hepliaklqana_mist_gate,
          old_standard_altar, hangedman_ru_absence, special_room
          [special_room_orc], uniq_joseph
D:9:      layout_layer_cave, serial_shops, shop, uniq_grum

Skill      XL: |  1  2  3  4  5  6  7  8  9 10 |
---------------+-------------------------------+-----
Invocations    | 1 2 3 4 5 6 |  6.0
Short Blades   | 1 2 3 5 |  5.4
Long Blades    | 1 2 3 5 |  5.4
Axes           | 1 2 3 5 |  5.4
Maces & Flails | 1 2 3 5 |  5.4
Polearms       | 1 2 3 5 |  5.4
Staves         | 1 2 3 5 |  5.4
Ranged Weapons | 1 2 3 5 |  5.4
Throwing       | 1 2 3 5 |  5.4
Armour         | 1 2 3 5 |  5.4
Stealth        | 1 2 3 5 |  5.4
Shields        | 1 2 3 5 |  5.4
Spellcasting   | 1 2 3 5 |  5.4
Evocations     | 1 2 3 5 |  5.4
Conjurations   | 1 2 3 4 |  4.5
Hexes          | 1 2 3 4 |  4.5
Summonings     | 1 2 3 4 |  4.5
Necromancy     | 1 2 3 4 |  4.5
Translocations | 1 2 3 4 |  4.5
Fire Magic     | 1 2 3 4 |  4.5
Ice Magic      | 1 2 3 4 |  4.5
Air Magic      | 1 2 3 4 |  4.5
Earth Magic    | 1 2 3 4 |  4.5
Alchemy        | 1 2 3 4 |  4.5
Fighting       | 3 4 5 6 |  6.1
Dodging        | 5 6 7 |  7.2
Unarmed Combat | 7 8 |  8.6
Shapeshifting  | 7 8 |  8.3

Action                     |  1- 3 |  4- 6 |  7- 9 | 10-12 || total
---------------------------+-------+-------+-------+-------++-------
  Melee: Unarmed           |    68 |    41 |   268 |    70 ||   447
         Bite              |     3 |    18 |    43 |    10 ||    74
         Punch             |     1 |     4 |    16 |       ||    21
         Hand axe          |       |   117 |    99 |       ||   216
   Fire: Orcbow            |       |    22 |       |       ||    22
  Throw: Dart              |     2 |       |    14 |     1 ||    17
         Boomerang         |       |       |       |     1 ||     1
Ability: Lunge             |       |    16 |    37 |     8 ||    61
         Whirlwind         |       |     5 |    77 |     8 ||    90
         Wall Jump         |       |       |    12 |     7 ||    19
  Evoke: Wand              |       |       |     2 |       ||     2
    Use: Potion            |     2 |       |     5 |     3 ||    10
         Scroll            |       |     3 |     9 |     5 ||    17
 Armour: Animal skin       |    17 |       |       |       ||    17
         Leather armour    |     5 |       |       |       ||     5
         Ring mail         |     8 |     7 |       |       ||    15
         Chain mail        |       |   111 |   270 |       ||   381
         Plate armour      |       |       |     3 |    79 ||    82
  Dodge: Dodged            |    48 |    66 |   124 |    37 ||   275

Table legend: (Time is in decaauts)
 A = Elapsed time spent in this place.
 B = Non-inter-level travel time spent in this place.
 C = Inter-level travel time spent in this place.
 D = Time resting spent in this place.
 E = Time spent auto-exploring this place.
 F = Levels seen in this place.
 G = Mean time per level.
                   A        B        C        D        E       F      G
               +--------+--------+--------+--------+--------+-----+--------+
         Total |   9592 |   9297 |    295 |   1200 |   4691 |  10 |  959.2 |
       Dungeon |   9246 |   8951 |    295 |   1072 |   4691 |   9 | 1027.3 |
       Ossuary |    346 |    346 |      0 |    128 |      0 |   1 |  346.0 |
               +--------+--------+--------+--------+--------+-----+--------+

Top non-repeatable levels by time:
     D:4: 1837 daAuts
     D:7: 1741 daAuts
     D:8: 1284 daAuts
     D:6: 1028 daAuts
     D:1: 966 daAuts
     D:2: 954 daAuts
     D:3: 946 daAuts
     D:5: 397 daAuts
 Ossuary: 346 daAuts
     D:9: 89 daAuts
